General information
			
			
        
        - name: BNet
 
        - type: Ladder team game (AT/RT)
 
        - host: Battle.net
 
        - saver: westonb
 
        
map: Highperch 
        - players: 6
 
        - length: 143:52
 
        - speed: Fast
 - version: 1.22 W3XP
 - replay type:  Public
 
» download(627 KB)
Players
        team 1 (loser) 
              
              
Green_House (
teal | 59 APM | 8444 actions | 143:49)
              
 5 Keeper of the Grove 
 3 Entangling Roots
 2 Force of Nature
 4 Naga Sea Witch 
 2 Forked Lightning
 2 Frost Arrows
 
                » actions 
                
                | Assign group hotkey | 179 |  | 
| Basic commands | 14 |  | 
| Build / train | 112 |  | 
| Enter build submenu | 44 |  | 
| Enter hero's abilities submenu | 9 |  | 
| Give item / drop item | 4 |  | 
| Right click | 6278 |  | 
| Select / deselect | 1367 |  | 
| Select group hotkey | 64 |  | 
| Use ability | 373 |  | 
                8444 total
 » units 
                
                | Wisp | 43 |  | 
| Archer | 3 |  | 
| Huntress | 5 |  | 
| Glaive Thrower | 8 |  | 
| Druid of the Claw | 2 |  | 
| Dryad | 1 |  | 
| Chimaera | 5 |  | 
| Hippogryph | 3 |  | 
| Druid of the Talon | 2 |  | 
                72 total
 » upgrades
                
                | Druid of the Claw Training | 2 |  | 
| Strength of the Moon | 1 |  | 
| Sentinel | 1 |  | 
| Strength of the Wild | 3 |  | 
| Nature's Blessing | 1 |  | 
| Corrosive Breath | 1 |  | 
| Reinforced Hides | 4 |  | 
| Ultravision | 1 |  | 
| Druid of the Talon Training | 2 |  | 
| Mark of the Talon | 1 |  | 
                17 total
 » buildings
                
                | Altar of Elders | 1 |  | 
| Moon Well | 9 |  | 
| Ancient of War | 2 |  | 
| Hunter's Hall | 1 |  | 
| Ancient Protector | 18 |  | 
| Tree of Ages | 1 |  | 
| Tree of Eternity | 1 |  | 
| Ancient of Lore | 2 |  | 
| Tree of Life | 1 |  | 
| Ancient of Wind | 3 |  | 
| Chimaera Roost | 2 |  | 
                41 total
 » build order
                00:07 Altar of Elders
00:24 Moon Well
01:08 Ancient of War
01:52 Moon Well
01:58 Hunter's Hall
02:55 Moon Well
03:09 Ancient Protector
03:20 Tree of Ages
04:38 Moon Well
05:44 Tree of Eternity
05:46 Ancient of Lore
05:48 Ancient of Lore
07:18 Tree of Life
08:48 Ancient Protector
08:51 Ancient Protector
09:02 Ancient Protector
10:00 Ancient Protector
12:06 Ancient Protector
13:20 Ancient Protector
13:42 Ancient Protector
14:18 Ancient of Wind
15:27 Ancient of War
16:08 Ancient Protector
17:57 Chimaera Roost
17:59 Chimaera Roost
18:28 Ancient of Wind
18:53 Ancient Protector
19:55 Ancient Protector
20:30 Ancient Protector
21:34 Ancient of Wind
22:06 Ancient Protector
22:09 Ancient Protector
22:12 Ancient Protector
22:16 Ancient Protector
22:18 Ancient Protector
24:46 Ancient Protector
25:36 Moon Well
26:33 Moon Well
26:48 Moon Well
27:34 Moon Well
28:08 Moon Well
» items
                
                | Dust of Appearance | 2 |  | 
| Staff of Teleportation | 3 |  | 
                5 total
  
               
              
              
Kampeche (
green | 15 APM | 2166 actions | 143:49)
              
 4 Paladin 
 1 Holy Light
 2 Divine Shield
 1 Devotion Aura
 
                » actions 
                
                | Assign group hotkey | 36 |  | 
| Basic commands | 172 |  | 
| Build / train | 76 |  | 
| Enter build submenu | 36 |  | 
| Enter hero's abilities submenu | 4 |  | 
| Remove unit from queue | 1 |  | 
| Right click | 574 |  | 
| Select / deselect | 622 |  | 
| Select group hotkey | 507 |  | 
| Use ability | 138 |  | 
                2166 total
 » units 
                
                | Peasant | 9 |  | 
| Footman | 10 |  | 
| Priest | 3 |  | 
| Mortar Team | 4 |  | 
| Siege Engine | 5 |  | 
| Dragonhawk Rider | 8 |  | 
| Gryphon Rider | 1 |  | 
                40 total
 » upgrades
                
                | Defend | 1 |  | 
| Swords | 1 |  | 
| Gunpowder | 3 |  | 
| Lumber Harvesting | 2 |  | 
| Plating | 2 |  | 
| Magic Sentry | 1 |  | 
| Barrage | 1 |  | 
| Masonry | 2 |  | 
| Priest Training | 2 |  | 
| Cloud | 1 |  | 
| Flare | 1 |  | 
| Fragmentation Shards | 1 |  | 
| Armor | 2 |  | 
| Storm Hammers | 1 |  | 
                21 total
 » buildings
                
                | Altar of Kings | 1 |  | 
| Barracks | 2 |  | 
| Farm | 16 |  | 
| Scout Tower | 5 |  | 
| Arcane Tower | 1 |  | 
| Blacksmith | 1 |  | 
| Keep | 1 |  | 
| Arcane Sanctum | 1 |  | 
| Castle | 1 |  | 
| Workshop | 1 |  | 
| Lumber Mill | 1 |  | 
| Gryphon Aviary | 2 |  | 
| Guard Tower | 3 |  | 
| Arcane Vault | 1 |  | 
                37 total
 » build order
                00:12 Altar of Kings
00:16 Barracks
00:23 Farm
00:39 Farm
02:08 Scout Tower
02:29 Farm
02:48 Arcane Tower
03:18 Blacksmith
03:32 Farm
04:09 Keep
04:52 Barracks
06:08 Farm
06:44 Arcane Sanctum
07:33 Castle
07:37 Workshop
08:18 Farm
08:55 Lumber Mill
09:14 Farm
09:54 Scout Tower
09:59 Gryphon Aviary
11:09 Guard Tower
11:18 Arcane Vault
13:15 Farm
13:19 Farm
13:24 Scout Tower
13:37 Scout Tower
14:21 Guard Tower
14:48 Guard Tower
16:29 Farm
16:33 Farm
17:53 Farm
18:01 Farm
18:53 Farm
18:57 Farm
20:24 Farm
26:04 Gryphon Aviary
76:08 Scout Tower
» items
                
                | Mechanical Critter | 1 |  | 
| Scroll of Town Portal | 1 |  | 
| Staff of Teleportation | 1 |  | 
                3 total
  
               
              
              
xwhipx (
orange | 13 APM | 1818 actions | 141:46)
              
 4 Warden 
 2 Fan of Knives
 1 Blink
 1 Shadow Strike
 2 Firelord 
 1 Incinerate
 1 Summon Lava Spawn
 
                » actions 
                
                | Assign group hotkey | 34 |  | 
| Basic commands | 29 |  | 
| Build / train | 71 |  | 
| ESC pressed | 6 |  | 
| Enter build submenu | 30 |  | 
| Enter hero's abilities submenu | 7 |  | 
| Remove unit from queue | 3 |  | 
| Right click | 825 |  | 
| Select / deselect | 532 |  | 
| Select group hotkey | 147 |  | 
| Use ability | 134 |  | 
                1818 total
 » units 
                
                | Wisp | 24 |  | 
| Archer | 7 |  | 
| Druid of the Talon | 2 |  | 
| Dryad | 6 |  | 
| Chimaera | 4 |  | 
| Glaive Thrower | 6 |  | 
                49 total
 » upgrades
                
                | Strength of the Wild | 2 |  | 
| Reinforced Hides | 1 |  | 
| Abolish Magic | 1 |  | 
| Corrosive Breath | 1 |  | 
| Well Spring | 1 |  | 
| Vorpal Blades | 1 |  | 
| Strength of the Moon | 1 |  | 
| Ultravision | 1 |  | 
                9 total
 » buildings
                
                | Altar of Elders | 1 |  | 
| Moon Well | 8 |  | 
| Ancient of War | 2 |  | 
| Hunter's Hall | 1 |  | 
| Tree of Ages | 1 |  | 
| Ancient of Wonders | 1 |  | 
| Ancient Protector | 3 |  | 
| Ancient of Lore | 3 |  | 
| Tree of Life | 1 |  | 
| Tree of Eternity | 1 |  | 
| Ancient of Wind | 1 |  | 
| Chimaera Roost | 2 |  | 
                25 total
 » build order
                00:13 Altar of Elders
00:17 Moon Well
00:44 Ancient of War
01:32 Moon Well
02:42 Moon Well
03:42 Moon Well
04:21 Hunter's Hall
04:39 Tree of Ages
05:29 Ancient of Wonders
05:32 Moon Well
05:40 Ancient Protector
05:43 Moon Well
06:32 Moon Well
06:43 Moon Well
07:47 Ancient Protector
07:58 Ancient Protector
08:06 Ancient of Lore
08:27 Tree of Life
09:04 Tree of Eternity
09:15 Ancient of Wind
10:14 Ancient of Lore
10:22 Ancient of Lore
12:48 Chimaera Roost
12:54 Chimaera Roost
26:52 Ancient of War
» items
                
                | Dust of Appearance | 1 |  | 
| Staff of Teleportation | 1 |  | 
                2 total
  
               team 2 (winner) 
              
              
jonmitz (
blue | 44 APM | 6378 actions | 143:49)
              
 8 Blademaster 
 3 Wind Walk
 3 Critical Strike
 1 Bladestorm
 1 Mirror Image
 4 Dark Ranger 
 2 Silence
 2 Black Arrow
 2 Far Seer 
 1 Far Sight
 1 Feral Spirit
 
                » actions 
                
                | Assign group hotkey | 247 |  | 
| Basic commands | 269 |  | 
| Build / train | 101 |  | 
| ESC pressed | 15 |  | 
| Enter build submenu | 80 |  | 
| Enter hero's abilities submenu | 15 |  | 
| Give item / drop item | 18 |  | 
| Remove unit from queue | 2 |  | 
| Right click | 3083 |  | 
| Select / deselect | 1156 |  | 
| Select group hotkey | 934 |  | 
| Use ability | 458 |  | 
                6378 total
 » units 
                
                | Peon | 15 |  | 
| Troll Batrider | 14 |  | 
| Kodo Beast | 3 |  | 
| Shaman | 3 |  | 
| Troll Witch Doctor | 4 |  | 
                39 total
 » upgrades
                
                | Liquid Fire | 1 |  | 
| Reinforced Defenses | 1 |  | 
| Ranged Weapons | 3 |  | 
| Spiked Barricades | 1 |  | 
| War Drums Damage Increase | 1 |  | 
| Witch Doctor Training | 2 |  | 
| Shaman Training | 3 |  | 
                12 total
 » buildings
                
                | War Mill | 1 |  | 
| Orc Burrow | 9 |  | 
| Altar of Storms | 2 |  | 
| Watch Tower | 48 |  | 
| Voodoo Lounge | 4 |  | 
| Stronghold | 3 |  | 
| Fortress | 1 |  | 
| Beastiary | 2 |  | 
| Great Hall | 1 |  | 
| Spirit Lodge | 2 |  | 
                73 total
 » build order
                00:04 War Mill
00:06 Orc Burrow
00:35 Altar of Storms
01:30 Watch Tower
02:08 Watch Tower
02:22 Watch Tower
02:35 Watch Tower
02:43 Orc Burrow
03:37 Watch Tower
03:39 Voodoo Lounge
03:49 Voodoo Lounge
03:55 Watch Tower
04:39 Stronghold
04:47 Watch Tower
05:08 Watch Tower
05:34 Watch Tower
05:39 Watch Tower
06:20 Watch Tower
06:38 Watch Tower
06:55 Watch Tower
07:00 Fortress
07:02 Beastiary
08:25 Great Hall
08:30 Watch Tower
08:31 Watch Tower
08:46 Beastiary
09:37 Orc Burrow
09:38 Orc Burrow
12:33 Watch Tower
12:33 Watch Tower
12:34 Watch Tower
12:34 Watch Tower
12:38 Watch Tower
12:39 Watch Tower
12:40 Watch Tower
12:43 Watch Tower
12:44 Watch Tower
12:44 Watch Tower
12:45 Watch Tower
12:46 Watch Tower
12:46 Watch Tower
16:24 Watch Tower
16:30 Watch Tower
17:30 Watch Tower
17:48 Watch Tower
17:55 Watch Tower
17:57 Watch Tower
18:00 Watch Tower
18:56 Altar of Storms
19:01 Orc Burrow
20:11 Orc Burrow
20:16 Watch Tower
21:10 Watch Tower
21:16 Watch Tower
28:13 Watch Tower
30:41 Watch Tower
30:44 Watch Tower
32:48 Watch Tower
33:01 Watch Tower
33:05 Watch Tower
34:59 Spirit Lodge
36:19 Watch Tower
36:27 Watch Tower
37:25 Spirit Lodge
39:29 Watch Tower
39:35 Watch Tower
56:03 Orc Burrow
56:14 Orc Burrow
57:20 Orc Burrow
60:08 Voodoo Lounge
68:55 Stronghold
69:37 Stronghold
70:05 Voodoo Lounge
» items
                
                | Lesser Clarity Potion | 2 |  | 
| Healing Salve | 1 |  | 
| Boots of Speed | 2 |  | 
| Staff of Teleportation | 4 |  | 
| Potion of Mana | 2 |  | 
| Potion of Healing | 2 |  | 
| Orb of Lightning | 3 |  | 
| Tiny Great Hall | 1 |  | 
| Mechanical Critter | 4 |  | 
| Scroll of Town Portal | 2 |  | 
| Potion of Lesser Invulnerability | 2 |  | 
                25 total
  
               
              
              
RonPaul (
purple | 62 APM | 8872 actions | 143:49)
              
 6 Dark Ranger 
 3 Black Arrow
 1 Life Drain
 1 Silence
 1 Charm
 
                » actions 
                
                | Assign group hotkey | 33 |  | 
| Basic commands | 10 |  | 
| Build / train | 77 |  | 
| Enter build submenu | 44 |  | 
| Enter hero's abilities submenu | 6 |  | 
| Give item / drop item | 1 |  | 
| Remove unit from queue | 1 |  | 
| Right click | 3320 |  | 
| Select / deselect | 603 |  | 
| Select group hotkey | 4577 |  | 
| Use ability | 200 |  | 
                8872 total
 » units 
                
                | Acolyte | 9 |  | 
| Ghoul | 11 |  | 
| Gargoyle | 13 |  | 
| Frost Wyrm | 9 |  | 
                42 total
 » upgrades
                
                | Creature Attack | 3 |  | 
| Creature Carapace | 3 |  | 
| Stone Form | 1 |  | 
| Freezing Breath | 1 |  | 
                8 total
 » buildings
                
                | Crypt | 2 |  | 
| Ziggurat | 19 |  | 
| Altar of Darkness | 1 |  | 
| Graveyard | 1 |  | 
| Nerubian Tower | 1 |  | 
| Halls of the Dead | 1 |  | 
| Tomb of Relics | 1 |  | 
| Black Citadel | 1 |  | 
| Spirit Tower | 1 |  | 
| Sacrificial Pit | 2 |  | 
| Boneyard | 3 |  | 
                33 total
 » build order
                00:07 Crypt
00:14 Ziggurat
00:35 Altar of Darkness
01:04 Graveyard
01:52 Ziggurat
02:56 Ziggurat
02:59 Nerubian Tower
03:47 Halls of the Dead
04:50 Tomb of Relics
05:50 Ziggurat
06:38 Crypt
09:37 Black Citadel
12:10 Spirit Tower
17:37 Sacrificial Pit
21:06 Boneyard
21:07 Boneyard
22:50 Ziggurat
22:51 Ziggurat
22:52 Ziggurat
40:22 Sacrificial Pit
41:43 Boneyard
43:04 Ziggurat
43:09 Ziggurat
43:11 Ziggurat
44:07 Ziggurat
44:32 Ziggurat
44:34 Ziggurat
44:36 Ziggurat
45:09 Ziggurat
45:13 Ziggurat
47:13 Ziggurat
49:40 Ziggurat
49:58 Ziggurat
» items
                
                | Scroll of Regeneration | 1 |  | 
| Orb of Lightning | 1 |  | 
| Staff of Teleportation | 1 |  | 
| Boots of Speed | 1 |  | 
| Periapt of Vitality | 1 |  | 
| Circlet of Nobility | 1 |  | 
| Healing Salve | 1 |  | 
| Sacrificial Skull | 1 |  | 
| Scroll of Town Portal | 6 |  | 
                14 total
  
               
              
              
westonb (
yellow | 35 APM | 5034 actions | 143:52)
              
 4 Archmage 
 2 Blizzard
 2 Brilliance Aura
 3 Blood Mage 
 2 Flame Strike
 1 Siphon Mana
 3 Mountain King 
 2 Storm Bolt
 1 Bash
 
                » actions 
                
                | Assign group hotkey | 11 |  | 
| Basic commands | 211 |  | 
| Build / train | 103 |  | 
| ESC pressed | 22 |  | 
| Enter build submenu | 50 |  | 
| Enter hero's abilities submenu | 12 |  | 
| Give item / drop item | 12 |  | 
| Right click | 3323 |  | 
| Select / deselect | 615 |  | 
| Select group hotkey | 388 |  | 
| Use ability | 287 |  | 
                5034 total
 » units 
                
                | Peasant | 10 |  | 
| Priest | 1 |  | 
| Sorceress | 1 |  | 
| Dragonhawk Rider | 9 |  | 
| Gryphon Rider | 6 |  | 
                27 total
 » upgrades
                
                | Masonry | 3 |  | 
| Lumber Harvesting | 2 |  | 
| Magic Sentry | 1 |  | 
| Swords | 3 |  | 
| Armor | 3 |  | 
| Cloud | 1 |  | 
| Storm Hammers | 1 |  | 
| Sorceress Training | 1 |  | 
| Priest Training | 2 |  | 
                17 total
 » buildings
                
                | Altar of Kings | 1 |  | 
| Farm | 16 |  | 
| Lumber Mill | 1 |  | 
| Scout Tower | 70 |  | 
| Arcane Tower | 2 |  | 
| Guard Tower | 26 |  | 
| Keep | 1 |  | 
| Arcane Sanctum | 1 |  | 
| Blacksmith | 1 |  | 
| Arcane Vault | 2 |  | 
| Castle | 1 |  | 
| Gryphon Aviary | 1 |  | 
                123 total
 » build order
                00:04 Altar of Kings
00:09 Farm
00:26 Lumber Mill
01:07 Farm
01:13 Scout Tower
01:35 Scout Tower
01:45 Arcane Tower
02:12 Guard Tower
02:13 Scout Tower
02:22 Scout Tower
02:49 Guard Tower
02:51 Scout Tower
02:52 Guard Tower
02:54 Scout Tower
03:21 Guard Tower
03:23 Scout Tower
03:24 Guard Tower
03:25 Scout Tower
03:53 Guard Tower
03:56 Scout Tower
03:59 Guard Tower
04:03 Scout Tower
04:38 Guard Tower
04:41 Scout Tower
04:51 Guard Tower
04:55 Scout Tower
05:07 Keep
05:13 Guard Tower
05:16 Scout Tower
05:26 Scout Tower
05:48 Guard Tower
05:50 Scout Tower
06:10 Guard Tower
06:20 Guard Tower
06:22 Scout Tower
06:24 Scout Tower
06:36 Farm
06:38 Farm
06:51 Guard Tower
06:56 Scout Tower
06:59 Scout Tower
07:14 Scout Tower
07:18 Scout Tower
07:19 Guard Tower
07:33 Arcane Sanctum
08:13 Guard Tower
08:15 Scout Tower
08:17 Scout Tower
08:20 Scout Tower
08:22 Guard Tower
08:24 Scout Tower
08:26 Scout Tower
08:27 Scout Tower
08:32 Farm
08:41 Blacksmith
09:02 Arcane Vault
09:07 Arcane Vault
09:28 Guard Tower
09:35 Scout Tower
10:32 Guard Tower
13:22 Castle
14:11 Farm
14:12 Farm
16:14 Scout Tower
16:16 Scout Tower
16:17 Scout Tower
16:19 Scout Tower
16:21 Scout Tower
16:22 Scout Tower
16:23 Scout Tower
16:25 Scout Tower
17:19 Guard Tower
18:17 Guard Tower
22:09 Gryphon Aviary
25:16 Scout Tower
25:17 Scout Tower
25:19 Scout Tower
25:21 Scout Tower
26:47 Guard Tower
27:40 Farm
27:41 Farm
27:43 Farm
27:43 Farm
28:07 Scout Tower
28:08 Scout Tower
28:09 Scout Tower
28:12 Scout Tower
28:13 Scout Tower
28:17 Scout Tower
28:19 Scout Tower
28:21 Scout Tower
28:25 Scout Tower
29:50 Farm
29:53 Farm
29:54 Farm
30:32 Guard Tower
30:35 Guard Tower
30:41 Scout Tower
30:42 Scout Tower
30:43 Scout Tower
30:45 Scout Tower
30:46 Scout Tower
30:51 Scout Tower
30:53 Scout Tower
30:56 Scout Tower
31:08 Farm
31:10 Farm
31:56 Guard Tower
32:02 Scout Tower
32:02 Scout Tower
32:04 Scout Tower
32:06 Scout Tower
32:07 Scout Tower
32:09 Scout Tower
32:11 Scout Tower
32:14 Scout Tower
32:16 Scout Tower
32:18 Scout Tower
32:20 Scout Tower
34:25 Scout Tower
34:26 Scout Tower
36:45 Guard Tower
37:15 Arcane Tower
» items
                
                | Staff of Teleportation | 1 |  | 
| Boots of Speed | 1 |  | 
| Healing Salve | 2 |  | 
| Potion of Healing | 3 |  | 
| Lesser Clarity Potion | 3 |  | 
| Orb of Lightning | 2 |  | 
| Staff of Sanctuary | 2 |  | 
| Scroll of Town Portal | 2 |  | 
                16 total
  
                Chat log
          (00:03 / Allies) RonPaul: this
(00:10 / Allies) RonPaul: this is it!
(00:13 / Allies) westonb: dont fuck up
(00:19 / Allies) westonb: remember to get dark ranger
(00:20 / Allies) jonmitz: this will be the best experience of your life
(00:23 / Allies) westonb: as high as possible
(00:45 / Allies) jonmitz: already sent
(00:45 / Allies) jonmitz: 8)
(01:04 / Allies) jonmitz: right here, right
(01:58 / Allies) jonmitz: lumber
(02:10 / Allies) jonmitz: perfetc, thanks
(03:58 / Allies) jonmitz: will do
(05:00 / Allies) jonmitz: yeah
(05:02 / Allies) jonmitz: 6x2 rows
(05:04 / Allies) jonmitz: 3x2
(05:29 / Allies) jonmitz: 200 gold ron
(05:30 / Allies) jonmitz: plz
(06:47 / Allies) RonPaul: aye
(06:51 / All) jonmitz: sup
(07:02 / All) RonPaul: welcome
(07:13 / Allies) jonmitz: dont say it yet
(07:17 / Allies) jonmitz: rule #1
(07:19 / Allies) jonmitz: once we camp
(07:21 / Allies) jonmitz: we say 
(07:24 / Allies) jonmitz: welcome to camp highperch
(08:29 / Allies) RonPaul: how many gargs should I have
(08:33 / Allies) jonmitz: 50 food
(09:09 / Allies) jonmitz: wtf
(09:11 / Allies) RonPaul: how does the ranger harass exactly
(09:17 / Allies) jonmitz: he doesnt
(12:52 / Allies) jonmitz: we need to highperch soon
(13:01 / Allies) jonmitz: upgrade stone formm
(13:02 / Allies) jonmitz: on gargs
(13:11 / Allies) jonmitz: asap
(13:14 / Allies) RonPaul: k
(13:30 / Allies) jonmitz: then put one up there
(13:33 / Allies) jonmitz: and we tp to it
(13:51 / Allies) jonmitz: get this mine
(14:05 / Allies) RonPaul: k
(14:16 / Allies) RonPaul: this's correct?
(14:42 / Allies) jonmitz: i got the tp
(14:43 / Allies) jonmitz: and hall
(14:57 / Allies) RonPaul: i am
(14:58 / Allies) jonmitz: ron paul
(14:59 / Allies) jonmitz: k
(15:12 / Allies) RonPaul: can yo ping the right again
(15:21 / Allies) jonmitz: ill do it
(15:22 / Allies) jonmitz: dont worry
(15:29 / Allies) RonPaul: i'm there
(15:45 / Allies) jonmitz: hi ho silver
(15:46 / Allies) jonmitz: away
(16:42 / Allies) jonmitz: campa way
(17:01 / Allies) RonPaul: k
(17:17 / Allies) jonmitz: now
(17:18 / Allies) jonmitz: the best part is
(17:22 / Allies) jonmitz: they're wasting all their money
(17:26 / Allies) jonmitz: and we have it stockpiled
(18:29 / Allies) jonmitz: we need critters
(18:33 / Allies) jonmitz: dont forget
(18:41 / Allies) jonmitz: yeah i will in a sec
(18:50 / Allies) RonPaul: got a shade up
(19:03 / Allies) RonPaul: they have tower vision
(19:42 / Allies) jonmitz: once all the gold mines are gone spend all you can and unsummon
(20:25 / Allies) jonmitz: brb my sandwich has arrived
(20:30 / Allies) westonb: no, it's ok
(20:39 / Allies) jonmitz: wow u guys have good manners
(20:42 / Allies) RonPaul: I should get a second hero anyway :/
(20:45 / All) jonmitz: wow u guys have good manners
(20:47 / All) jonmitz: korean?
(20:56 / All) Kampeche: no
(20:58 / All) Kampeche: mexicans
(20:58 / Allies) RonPaul: ok
(20:59 / Allies) RonPaul: I see
(21:04 / All) jonmitz: si si tacos?
(21:24 / Allies) jonmitz: weston need you up here
(23:04 / Allies) jonmitz: omw
(23:12 / Allies) jonmitz: you do it
(23:20 / Allies) jonmitz: im too lazy
(23:22 / Allies) jonmitz: once the camp has behun
(23:57 / Allies) jonmitz: dude
(23:58 / Allies) jonmitz: we need toweers
(23:59 / Allies) jonmitz: nw
(24:09 / Allies) RonPaul: leave gargs there?
(24:10 / Allies) jonmitz: yeah
(24:12 / Allies) jonmitz: dont let them see the chims
(24:13 / All) Kampeche: bathroom
(24:17 / All) jonmitz: We dont care
(24:17 / All) westonb: ok
(24:18 / All) jonmitz: fuck you
(24:20 / All) westonb: what's the hold up
(24:54 / Allies) jonmitz: chims are here
(24:59 / Allies) jonmitz: tower now
(26:44 / All) jonmitz: hell yea free exp thx
(26:52 / Allies) RonPaul: I'll station some guards there
(26:55 / Allies) RonPaul: gargs
(27:17 / Allies) jonmitz: my mine is almost gone
(28:27 / Allies) jonmitz: reveal
(28:34 / Allies) jonmitz: nvm'
(29:30 / Allies) jonmitz: more arcanes more critters
(29:35 / Allies) RonPaul: creep left perch?
(29:45 / Allies) jonmitz: in a sec
(29:54 / Allies) jonmitz: they killed my critters
(29:55 / Allies) jonmitz: basyatds
(30:13 / Allies) jonmitz: leave this here
(30:17 / Allies) RonPaul: k
(32:26 / Allies) jonmitz: i want me some exps
(32:43 / Allies) jonmitz: im dry
(33:19 / All) xwhipx: free exp =D thx
(33:32 / All) jonmitz: ur welcome xoxoxo <3
(34:21 / Allies) jonmitz: they have sight
(34:22 / Allies) jonmitz: i cant
(34:31 / Allies) jonmitz: just sit back
(34:33 / Allies) jonmitz: let them come in
(34:35 / Allies) jonmitz: very slowly
(34:40 / Allies) jonmitz: just dont let them get any exp
(35:15 / Allies) RonPaul: sorry?
(35:22 / Allies) jonmitz: we need critters and shit
(36:15 / Allies) jonmitz: upgrade
(36:37 / Allies) jonmitz: you can trade gold while in upkeep
(36:38 / Allies) jonmitz: you dont lose it
(36:44 / Allies) jonmitz: onling when you mine
(36:47 / Allies) jonmitz: only
(37:32 / Allies) jonmitz: 3k gold left
(37:36 / Allies) RonPaul: 5
(37:43 / Allies) jonmitz: on the mine
(38:05 / Allies) jonmitz: yeah
(38:33 / Allies) jonmitz: ping where your hero is
(38:47 / Allies) jonmitz: who
(39:08 / All) jonmitz: fuckkk we all outta gold
(39:10 / All) jonmitz: :(
(39:15 / All) jonmitz: looks like this is gg i guess
(39:21 / All) jonmitz: took you guys a while though
(39:23 / All) jonmitz: :)
(39:37 / Allies) RonPaul: ok nwo what
(39:48 / Allies) jonmitz: make everything you can
(39:50 / Allies) jonmitz: and unsummon
(39:51 / Allies) jonmitz: everything
(39:58 / Allies) RonPaul: no
(40:09 / Allies) RonPaul: they're going to kill those
(41:10 / Allies) RonPaul: so we let everything fall?
(41:13 / Allies) jonmitz: yeah
(41:15 / Allies) jonmitz: and say gg
(41:15 / Allies) jonmitz: etc
(41:48 / Allies) jonmitz: yeah hold on
(42:09 / Allies) jonmitz: peon run
(42:32 / Allies) RonPaul: k
(42:40 / Allies) RonPaul: yep
(43:05 / All) jonmitz: gg
(43:20 / Allies) RonPaul: cancel?
(43:28 / Allies) jonmitz: yeah
(43:34 / All) xwhipx: BG
(43:40 / All) xwhipx: you suck
(43:43 / All) westonb: =[
(44:09 / All) westonb: wlecome to highperch
(44:10 / All) jonmitz: welcome
(44:12 / All) westonb: please enjoy your stay
(44:14 / All) jonmitz: to cmap highperch
(44:16 / Allies) jonmitz: dman
(44:19 / Allies) jonmitz: you beat me to it
(44:36 / All) westonb: To see replays like yours, see www.highper.ch
(44:45 / Allies) RonPaul: k
(45:45 / Allies) jonmitz: tower blocking
(45:53 / Allies) jonmitz: fuckk
(45:58 / Allies) jonmitz: im stuck
(47:48 / All) westonb: i hope your glaive throwers got the flight upgrade
(48:03 / Allies) RonPaul: so what's to say stopping them from highperching the other side
(48:10 / Allies) jonmitz: nothing
(48:12 / Allies) jonmitz: when they do
(48:15 / Allies) jonmitz: it becomes a game of adk
(48:16 / Allies) jonmitz: afk
(48:21 / Allies) RonPaul: I see
(48:31 / Allies) RonPaul: gotcha
(48:47 / Allies) jonmitz: yep
(48:52 / Allies) jonmitz: this si the fun part
(49:05 / Allies) RonPaul: my rangers only 4 :(
(49:43 / Allies) jonmitz: i wonder what they're thinkig right now
(49:58 / Allies) jonmitz: bats readt
(50:49 / Allies) jonmitz: l8
(51:23 / Allies) jonmitz: ill do bats
(51:28 / Allies) jonmitz: yeah
(52:00 / Allies) jonmitz: yeah
(52:26 / Allies) jonmitz: what the fu
(54:00 / Allies) jonmitz: i need a garg
(54:33 / Allies) jonmitz: yay
(54:35 / Allies) jonmitz: i can move around now
(54:48 / Allies) jonmitz: yeah
(54:51 / Allies) jonmitz: i have to have somewhere to tp
(54:54 / All) Green_House: lol im watching a movie :()
(55:36 / Allies) jonmitz: ah fuck
(55:38 / Allies) jonmitz: hes dead
(55:43 / Allies) jonmitz: i coudlndt
(55:46 / All) xwhipx: die
(56:24 / Allies) jonmitz: yeah
(56:27 / Allies) jonmitz: all upgrades i could
(56:34 / Allies) jonmitz: except armor
(57:00 / All) Green_House: how did u guys get up there?
(57:04 / All) jonmitz: hacked
(57:06 / All) Green_House: with out a goblin
(57:11 / All) Green_House: heh
(57:13 / All) jonmitz: hacked
(57:17 / All) westonb: oh you checked the website?
(57:25 / All) Green_House: nope
(57:30 / All) RonPaul: you should
(57:41 / Allies) jonmitz: damn thats a lot of frostwyrms
(57:56 / Allies) RonPaul: gotcha
(58:06 / Allies) jonmitz: how much air do they have left
(58:09 / Allies) RonPaul: i'll scout around
(58:40 / Allies) jonmitz: unsummon boneyard
(58:42 / Allies) jonmitz: unless yu need it
(58:46 / Allies) jonmitz: thx
(59:08 / Allies) jonmitz: so all they have is a few talons and chims
(60:35 / Allies) jonmitz: everytime people say they're watching a movie
(60:38 / Allies) jonmitz: i refuse to believe it
(61:05 / Allies) jonmitz: nah
(61:11 / Allies) jonmitz: if yu played with bia-bia-bia
(61:14 / Allies) jonmitz: nothing upsets you
(61:25 / Allies) jonmitz: he will yell at you if he does something wrong
(61:27 / Allies) RonPaul: legendary idiot?
(61:33 / Allies) jonmitz: does he still play
(62:22 / Allies) jonmitz: no mana
(62:34 / All) Green_House: oh i got it lol
(62:38 / All) Green_House: how u got up
(62:38 / All) westonb: oh?
(62:40 / All) jonmitz: no you dont
(62:41 / All) jonmitz: you
(62:45 / All) jonmitz: you're watching a movie, remember
(62:48 / All) westonb: well share
(62:50 / All) westonb: since we're up here
(62:50 / All) Green_House: u used the gargs
(62:53 / All) westonb: =]
(62:56 / All) jonmitz: what gargs
(62:59 / All) jonmitz: ?
(63:01 / All) jonmitz: are you fucking high
(63:05 / All) RonPaul: no one here but us dwarves
(63:05 / All) Green_House: and orcs sjop
(63:12 / All) Green_House: lol
(63:14 / All) jonmitz: what?
(63:17 / All) jonmitz: none of us our orc
(63:18 / All) jonmitz: jesus
(63:23 / All) Green_House: u can buy the main in it
(63:29 / Allies) jonmitz: the best part is
(63:30 / Allies) RonPaul: k
(63:31 / All) Green_House: and used the dagger to tp
(63:34 / Allies) jonmitz: they will go try to do what we do
(63:37 / Allies) jonmitz: but they cant
(63:37 / All) Green_House: i mean staff
(63:48 / All) Green_House: and then u all tped
(63:59 / All) Green_House: heh im a little drunk
(64:22 / All) jonmitz: well i did 4 lines of coke
(64:32 / All) Green_House: lol
(64:58 / Allies) jonmitz: footmen ahoy
(65:00 / Allies) RonPaul: haha what
(65:08 / Allies) jonmitz: 6 bats remaining
(65:20 / Allies) jonmitz: even if they had mass teleport
(65:24 / Allies) jonmitz: they cant get up here
(65:25 / Allies) jonmitz: yeah
(65:26 / Allies) jonmitz: a lot
(65:33 / Allies) jonmitz: all their small units and most the chims
(66:08 / Allies) jonmitz: how many units here
(66:28 / Allies) RonPaul: they got the shade
(66:30 / Allies) jonmitz: yeah too many
(67:19 / Allies) jonmitz: what the fuc
(68:10 / Allies) jonmitz: k
(68:43 / Allies) RonPaul: can we get a shop up
(68:49 / Allies) RonPaul: tp
(68:50 / Allies) jonmitz: you wont be able to buy anything
(68:52 / Allies) jonmitz: no
(68:53 / Allies) jonmitz: you need a lvl 2
(68:56 / Allies) jonmitz: oh
(68:56 / Allies) jonmitz: ok
(69:09 / Allies) jonmitz: tps are a good idea
(69:12 / Allies) RonPaul: ya
(69:15 / Allies) jonmitz: well
(69:21 / Allies) jonmitz: how much gold do we have
(69:22 / Allies) jonmitz: 1.8k here
(69:25 / Allies) RonPaul: 2.3
(69:28 / Allies) jonmitz: they camping the shop
(69:30 / Allies) jonmitz: k
(69:35 / Allies) jonmitz: thats enough just dont waste them
(70:07 / Allies) jonmitz: you dont when you shop
(70:20 / Allies) jonmitz: o man
(70:22 / Allies) jonmitz: they killed the last pig
(70:31 / Allies) jonmitz: uh
(70:33 / Allies) RonPaul: I'm gonna send my ranger with wyrms and tp out if i run into something bad
(70:34 / Allies) jonmitz: lol
(70:45 / Allies) jonmitz: its a bat
(70:53 / Allies) jonmitz: how
(70:54 / Allies) jonmitz: lol
(70:58 / Allies) jonmitz: neat
(71:18 / Allies) jonmitz: tps ready in a sec
(71:30 / Allies) RonPaul: groovy
(72:01 / All) jonmitz: sup
(72:44 / Allies) jonmitz: how much are potions
(72:54 / Allies) jonmitz: invul potions
(72:58 / Allies) jonmitz: k
(73:37 / Allies) jonmitz: yeah
(73:40 / Allies) jonmitz: im running backto camp
(74:30 / Allies) RonPaul: nothing
(74:34 / Allies) jonmitz: gj
(74:38 / Allies) jonmitz: i gor 21 exp
(74:39 / Allies) jonmitz: lol
(74:48 / Allies) jonmitz: lol
(74:53 / Allies) jonmitz: just 480 left
(74:59 / Allies) RonPaul: countdown to 2000
(76:07 / All) westonb: 1v1 at rosh?
(76:48 / Allies) jonmitz: kill
(76:50 / Allies) jonmitz: dryads
(76:53 / Allies) jonmitz: with wyrms
(76:55 / Allies) jonmitz: it will vll us
(76:56 / Allies) RonPaul: magic
(76:58 / Allies) RonPaul: immune
(77:03 / Allies) jonmitz: ffff
(77:04 / Allies) jonmitz: yeah
(78:49 / Allies) RonPaul: 1
(79:08 / Allies) RonPaul: got xp though 
(79:16 / Allies) RonPaul: no
(79:20 / Allies) jonmitz: mm siphon mana
(79:30 / Allies) jonmitz: if i have 2 tp staffs
(79:32 / Allies) jonmitz: ..
(79:35 / Allies) jonmitz: they share cooldownhuh
(79:36 / Allies) jonmitz: :(
(80:32 / Allies) jonmitz: im halfway to 6
(80:34 / Allies) jonmitz: 4 more dryads
(80:50 / Allies) jonmitz: fuck
(81:14 / Allies) jonmitz: i need help
(81:32 / Allies) RonPaul: target hero?
(81:53 / Allies) jonmitz: he can heal warden
(81:56 / Allies) jonmitz: warden can aoe
(82:03 / Allies) jonmitz: paladin can divine shield
(82:03 / Allies) jonmitz: so
(82:04 / Allies) RonPaul: apl
(82:05 / Allies) jonmitz: go for the dryads
(82:46 / Allies) jonmitz: ugh
(82:47 / Allies) jonmitz: lame
(82:54 / Allies) jonmitz: i need to take out the wells
(83:11 / All) xwhipx: ijos de puuuuutaaaaaaaaaaaaaaaaaaaaaaaaaaaaaaa
(83:20 / All) xwhipx: kobardeeeeeeeeeees!!!!
(83:22 / All) jonmitz: spics
(83:25 / Allies) jonmitz: brb
(83:25 / All) xwhipx: muerdanse el kulooooo
(83:26 / Allies) RonPaul: we could hit and run aps for xp
(83:32 / Allies) jonmitz: thats what we need to do
(83:34 / Allies) jonmitz: in like 1 mnite
(83:36 / Allies) jonmitz: hol don
(83:41 / Allies) jonmitz: just bm and ranger, though
(83:42 / All) Green_House: gringos..
(84:30 / All) jonmitz:                                                                                            Nuclear Launce Detected.
(84:36 / All) jonmitz: god i cant even spell right
(84:37 / All) westonb: RUH ROH
(84:38 / Allies) RonPaul: mmmm launce
(84:53 / Allies) jonmitz: alright
(84:58 / Allies) jonmitz: we need to take out moonwells
(85:02 / Allies) jonmitz: dryads will get us to lvl 6
(85:05 / Allies) RonPaul: yep
(85:05 / Allies) jonmitz: yeah
(85:16 / Allies) jonmitz: use wyrms to moonwells
(85:18 / Allies) jonmitz: so they cant heal
(85:24 / Allies) RonPaul: aight
(85:33 / Allies) jonmitz: take out dryads with heros, etc
(85:40 / Allies) jonmitz: i will scout
(85:59 / Allies) jonmitz: ok
(86:00 / Allies) jonmitz: bring wyrms
(86:19 / Allies) jonmitz: asap
(86:42 / Allies) jonmitz: frozen shot them
(86:51 / Allies) jonmitz: fucks
(87:10 / Allies) jonmitz: np np only 340 gold
(87:26 / Allies) RonPaul: 1k
(87:34 / Allies) RonPaul: 1
(87:48 / Allies) jonmitz: o
(87:50 / Allies) jonmitz: :O
(87:54 / Allies) jonmitz: :downs:
(88:05 / Allies) RonPaul: yea
(88:06 / Allies) RonPaul: do that
(88:11 / Allies) RonPaul: they won't expect it
(88:12 / Allies) jonmitz: do towers give exp
(88:15 / Allies) RonPaul: yes
(88:31 / Allies) RonPaul: gotta nickel and dime dis shit
(88:39 / Allies) RonPaul: fuck they're back
(88:55 / Allies) RonPaul: neg
(89:27 / Allies) jonmitz: ok im ready to go
(90:28 / Allies) jonmitz: scouting
(90:34 / Allies) jonmitz: dryads gone
(90:43 / Allies) jonmitz: PERFECT
(90:44 / Allies) jonmitz: HELL YES
(91:12 / Allies) jonmitz: need to wait for cooldown
(91:20 / Allies) jonmitz: what
(91:26 / Allies) jonmitz: NOOOO
(91:34 / Allies) RonPaul: fuck
(92:08 / Allies) RonPaul: is it possible they're map hacking
(92:15 / Allies) jonmitz: i want to get a witch doctor down there
(92:16 / Allies) jonmitz: no
(92:36 / Allies) RonPaul: the way that guy moved his tanks vs my invisible wyrms
(92:44 / Allies) jonmitz: well
(92:48 / Allies) jonmitz: we did it like 2 or 3 times already
(92:54 / Allies) jonmitz: they dont seem too stupid...?
(93:02 / Allies) RonPaul: fair enough
(93:32 / Allies) jonmitz: tanks have fortified
(93:41 / Allies) jonmitz: greaty reduce hero damage :/
(93:54 / Allies) jonmitz: how much gp to they have
(93:56 / Allies) jonmitz: ill try it
(94:01 / Allies) jonmitz: 1 more kill
(94:08 / Allies) jonmitz: the damage stacks
(94:10 / Allies) jonmitz: :/
(94:20 / Allies) jonmitz: yup
(94:27 / Allies) RonPaul: damage is damage?
(94:37 / Allies) RonPaul: hmm
(94:40 / Allies) jonmitz: o look
(94:41 / Allies) jonmitz: backup
(94:46 / Allies) jonmitz: how cute
(94:55 / Allies) RonPaul: teal's heroes movements :/
(95:05 / Allies) jonmitz: do they have birds on these trees
(95:17 / Allies) RonPaul: yo morts
(95:38 / Allies) jonmitz: what
(95:40 / Allies) jonmitz: the
(95:41 / All) xwhipx: idiot
(95:41 / Allies) jonmitz: fuck
(95:53 / All) jonmitz: np np
(95:57 / Allies) jonmitz: i got a potion
(95:59 / Allies) jonmitz: 332
(96:00 / Allies) jonmitz: here
(96:02 / Allies) RonPaul: 600
(96:08 / Allies) jonmitz: more than them
(96:15 / Allies) jonmitz: he bought like 1000 tps
(96:16 / Allies) jonmitz: :D
(96:21 / Allies) RonPaul: yeah sorry
(96:22 / Allies) jonmitz: ok
(96:25 / Allies) jonmitz: do we have any items
(96:28 / Allies) jonmitz: that would be useful on bm
(97:27 / Allies) jonmitz: yeah they have too many trees there for my bm to do anything
(97:31 / Allies) jonmitz: on its own, anyways
(97:34 / Allies) RonPaul: inc
(97:35 / Allies) jonmitz: we can probably rush with wyrms
(97:37 / Allies) jonmitz: and they will all die
(97:44 / Allies) jonmitz: if we can get them to leave
(97:56 / Allies) RonPaul: 250 more xp
(98:09 / Allies) jonmitz: 25 here
(98:13 / Allies) jonmitz: a wisp should be enough
(98:15 / Allies) jonmitz: i dont think they have any
(98:54 / Allies) RonPaul: morons put a dott there
(99:25 / All) westonb: 2slow
(99:26 / All) westonb: joe
(99:39 / Allies) jonmitz: hell yeah
(99:40 / Allies) jonmitz: gunna level
(99:50 / All) jonmitz: DIE
(99:57 / Allies) jonmitz: fuck yeah
(99:59 / All) jonmitz: gg lvl 6
(100:03 / Allies) RonPaul: yaaaaay
(100:07 / Allies) jonmitz: drop a garg
(100:10 / All) westonb: we ride spinnas
(100:21 / All) jonmitz: O.G.s
(100:40 / Allies) jonmitz: can i invul + spin
(100:44 / Allies) jonmitz: a very good question
(100:59 / Allies) jonmitz: where are those footmen
(101:42 / All) jonmitz: every day we bespinnin'
(101:50 / Allies) jonmitz: scan
(101:51 / Allies) jonmitz: wait
(101:52 / Allies) jonmitz: no more towers
(101:53 / Allies) jonmitz: ?
(101:56 / Allies) RonPaul: none
(102:08 / Allies) jonmitz: welp
(102:14 / Allies) jonmitz: harass ad draw them out
(102:24 / Allies) RonPaul: no
(102:25 / Allies) jonmitz: nothing
(102:29 / Allies) RonPaul: they all moved to center
(103:01 / Allies) RonPaul: ha
(103:02 / Allies) jonmitz: no hes dead
(103:05 / Allies) RonPaul: didn't use those wells
(103:13 / Allies) jonmitz: im scared of that area
(103:16 / Allies) jonmitz: because thetes birds
(103:19 / Allies) jonmitz: on da trees
(103:44 / Allies) RonPaul: get his altar
(104:09 / Allies) jonmitz: lol
(104:11 / Allies) jonmitz: cant afford hero
(104:16 / Allies) RonPaul: maybe he taverned it
(104:21 / Allies) jonmitz: doubtful
(104:23 / Allies) jonmitz: they wouldnt waste
(105:17 / Allies) jonmitz: yeah they just chilling
(105:27 / All) jonmitz: gg
(105:35 / All) xwhipx: this isnt over yet
(105:39 / Allies) jonmitz: yeah
(105:40 / All) jonmitz: it is
(105:46 / All) xwhipx: no
(105:50 / All) RonPaul: it is
(105:52 / All) jonmitz: you're not even trying anymore, just chilling out
(105:56 / All) xwhipx: its not
(105:59 / All) jonmitz: yep
(106:05 / Allies) jonmitz: yeah right :p
(106:15 / All) xwhipx: im just saying the truth
(106:23 / All) Green_House: well im still watching a movie so i dont really care lol
(106:27 / All) westonb: oh
(106:28 / All) westonb: ok
(106:31 / All) RonPaul: yeah movie loooooooool
(106:33 / All) jonmitz: what movie
(106:34 / All) westonb: you could quit
(106:37 / All) jonmitz: nibs first day on the job?
(106:40 / All) jonmitz: nubs*
(106:40 / All) Green_House: jurasic park 1
(106:44 / Allies) jonmitz: oh
(106:47 / All) jonmitz: oh not bad
(106:48 / All) xwhipx: ok
(106:55 / All) Kampeche: nice movie
(106:56 / All) xwhipx: no socializes kon el enemigo ¬¬j ajaja
(107:02 / All) xwhipx: deverias decirles de kosas!
(107:04 / All) jonmitz: ja ja ja ja
(107:13 / All) jonmitz: i speak spanish you fucking retard
(107:17 / Allies) jonmitz: i dont
(107:18 / Allies) jonmitz: though
(107:20 / All) xwhipx: no me importa
(107:23 / All) xwhipx: lee esto
(107:28 / All) xwhipx: pendejooo
(107:32 / All) xwhipx: nerd
(107:33 / All) xwhipx: 4 ojos
(107:36 / All) Kampeche: jajaja
(107:40 / Allies) jonmitz: i only do 14 damage to building
(107:41 / Allies) jonmitz: :/
(107:42 / Allies) jonmitz: 24
(107:51 / Allies) jonmitz: i can spin again
(107:52 / All) xwhipx: no ases nada mas k jugar
(107:56 / All) xwhipx: todo el dia k weva me das
(108:04 / All) Green_House: is it true that most americans r morons?
(108:08 / All) Green_House: just asking
(108:10 / All) jonmitz: yes
(108:11 / All) jonmitz: it is
(108:13 / All) Green_House: ive seen some stats
(108:39 / Allies) westonb: btw did i hold push to talk key there
(108:44 / Allies) westonb: i do that sometimes =\
(108:45 / All) xwhipx: k pasa krei k entendias el ingles
(108:46 / Allies) jonmitz: i dont think so
(108:49 / All) xwhipx: retardado
(109:01 / Allies) jonmitz: these guys suck
(109:06 / Allies) jonmitz: sometimes they say funny things
(109:08 / Allies) westonb: they are going to make a last stand
(109:22 / All) Kampeche: come on just kill us I wanna leave lol
(109:28 / All) jonmitz: lawl
(109:35 / All) westonb: do you think we're going to be quick after getting up here?
(109:50 / All) westonb: a quick loss would be if you quit
(109:57 / All) jonmitz: "Welcome to camp highperch. enjoy your stay"
(110:01 / All) jonmitz: we have never lost
(110:02 / All) jonmitz: ever
(110:07 / All) RonPaul: can you guys please speak more mexican that's funny k thx
(110:14 / Allies) jonmitz: LOL
(110:27 / All) RonPaul: pleeeeeease
(110:28 / All) westonb: yo tengo uno win-o
(110:29 / All) Green_House: lol whats mexican
(110:31 / Allies) jonmitz: one lone orange building
(110:32 / Allies) jonmitz: lol
(110:34 / All) Kampeche: mexican? what a retard its call spanish
(110:45 / All) westonb: yo
(110:45 / All) RonPaul: jajajajaja la maricon
(110:46 / All) westonb: tango
(110:47 / All) westonb: uno
(110:48 / All) Green_House: oh well its okey
(110:49 / All) jonmitz: your dialect is called mexican because its slurred like you're lazy as fuck
(110:49 / All) westonb: win-o
(110:51 / All) Green_House: we skeap mexican
(110:55 / All) Green_House: but u speak canadian
(111:04 / All) Green_House: speak*
(111:06 / All) RonPaul: guys this isn't funny
(111:08 / All) RonPaul: make ron paul laugh
(111:14 / All) RonPaul: dance for ron paul dance
(111:34 / All) Kampeche: denle a las torres
(111:37 / Allies) jonmitz: what units do we have
(111:38 / Allies) jonmitz: 1 bat
(111:40 / All) Kampeche: ahorita que estan ocupados jaja
(111:41 / All) RonPaul: lolllllllllll
(111:42 / Allies) jonmitz: 10 hgargs
(112:03 / Allies) jonmitz: as if 1 tower at a time would do anything
(112:05 / All) RonPaul: keep it up please
(112:08 / Allies) westonb: it would
(112:53 / Allies) jonmitz: welp
(112:58 / Allies) jonmitz: we have map control now
(113:02 / Allies) jonmitz: more units than them
(113:03 / Allies) RonPaul: gotta bite the bullet though
(113:15 / Allies) jonmitz: if you cloud i'll spin on them
(113:24 / Allies) jonmitz: we have enough gold to res once more
(114:07 / Allies) RonPaul: ok
(114:08 / Allies) RonPaul: see that?
(114:11 / Allies) RonPaul: did you see that
(114:14 / Allies) jonmitz: do we have a sorceress
(114:17 / Allies) RonPaul: no 
(114:18 / Allies) RonPaul: yes
(114:21 / Allies) RonPaul: they backed away
(114:22 / Allies) jonmitz: no yes?
(114:27 / Allies) RonPaul: with my invised garg
(114:40 / Allies) jonmitz: i can kill those prieses and shit
(114:42 / Allies) jonmitz: and get away
(114:43 / Allies) RonPaul: see
(114:45 / Allies) jonmitz: well
(114:46 / Allies) jonmitz: not worth it
(114:54 / All) westonb: afk guys
(114:55 / All) westonb: brb
(114:58 / All) westonb: pizza here
(114:58 / Allies) jonmitz: 3 seconds for archers
(114:59 / All) Green_House: kk
(115:02 / Allies) jonmitz: 5 seconds for footmen
(115:15 / All) Green_House: i hate pizza lol
(115:19 / Allies) RonPaul: ok nm they have detectors
(115:21 / All) jonmitz: i hate mexicans
(115:23 / All) Green_House: american pizza sux
(115:31 / All) RonPaul: but boy howdy do i love mexican pizza
(115:33 / Allies) jonmitz: i dont see detectors
(115:44 / All) Green_House: well actually the fast food in mexico is better
(115:46 / Allies) RonPaul: they hit the invised dhawks
(115:56 / Allies) RonPaul: ya
(116:26 / Allies) RonPaul: gonna take a piss
(116:27 / All) Green_House: i only love american burgers heh
(116:37 / Allies) jonmitz: just in case
(116:38 / Allies) jonmitz: u know
(117:00 / All) jonmitz: kodo hungry
(117:02 / All) jonmitz: want eat
(117:10 / All) jonmitz: if you let my kodo eat something i will quit this game
(117:28 / All) xwhipx: eat my penis
(117:31 / All) jonmitz: gross
(117:39 / All) jonmitz: dirty tiny mexican penis
(118:01 / All) Green_House: its called taco
(118:06 / All) Green_House: and ull lake it
(118:10 / All) jonmitz: si si tacos and burritos
(118:22 / All) jonmitz: and siestas
(118:24 / All) jonmitz: sii
(118:30 / All) Green_House: siestas?
(118:39 / All) Green_House: u mean fiestas?
(118:50 / Allies) jonmitz: doesnt he speak his own language
(119:06 / Allies) RonPaul: aye
(119:13 / All) Green_House: in what grade r u?
(120:42 / Allies) jonmitz: hm
(120:44 / Allies) jonmitz: i want to run in
(120:48 / Allies) jonmitz: pop my potion
(120:49 / Allies) jonmitz: buy a new one
(120:54 / Allies) jonmitz: and then spin them
(121:07 / Allies) jonmitz: noo.. cooldown
(121:08 / Allies) jonmitz: wont work
(121:36 / Allies) RonPaul: eh?
(121:39 / Allies) jonmitz: he has 6
(121:46 / Allies) RonPaul: nickel and diming them
(121:55 / Allies) RonPaul: not really
(121:57 / Allies) RonPaul: from that angle
(122:04 / Allies) RonPaul: we can heal and they can't
(122:08 / Allies) RonPaul: so we're +EV
(122:19 / Allies) jonmitz: i want a witch doctor down here
(122:20 / Allies) jonmitz: :(
(122:34 / Allies) RonPaul: oh fuck it healed
(122:42 / All) Green_House: wow i cannot see them
(122:44 / Allies) jonmitz: they moved it
(122:58 / Allies) jonmitz: i thought motars could only use itonce
(123:01 / All) Green_House: i think ill send my chims now
(123:01 / Allies) jonmitz: or is it a cooldownnow
(123:07 / All) Green_House: since i dont c anu hawks around
(123:13 / All) Green_House: ....
(123:16 / All) Green_House: yhea right
(124:39 / Allies) jonmitz: wyrms have 1400 hp
(124:41 / Allies) jonmitz: :D
(124:42 / Allies) RonPaul: 11 xp!!
(124:46 / Allies) jonmitz: grats
(124:59 / Allies) RonPaul: do we have a priest
(125:01 / All) jonmitz: hello lil bird in a tree
(125:06 / Allies) RonPaul: 170
(125:34 / Allies) RonPaul: hmm don't see it
(126:05 / Allies) jonmitz: um
(126:07 / Allies) jonmitz: how the fuck
(126:10 / Allies) jonmitz: do they have sight
(126:11 / Allies) jonmitz: seriously
(126:22 / Allies) jonmitz: theres no way
(126:25 / Allies) jonmitz: its every tiem i run in
(126:36 / Allies) RonPaul: no tree birds?
(126:39 / Allies) jonmitz: none
(127:04 / Allies) jonmitz: no orb of sight
(127:07 / All) Green_House: nah we were just kidding
(127:11 / All) Green_House: we r canadians lol
(127:23 / Allies) jonmitz: that tree
(127:35 / Allies) jonmitz: firestorm
(128:04 / All) Green_House: omg fags
(128:15 / All) Green_House: dont u have any pride
(128:18 / All) RonPaul: please speak mexican you guys were more original that way
(128:39 / Allies) RonPaul: that?
(128:42 / Allies) jonmitz: burrowed you bm
(128:47 / Allies) jonmitz: kill a tree
(128:51 / Allies) jonmitz: thats how they had sight
(129:15 / Allies) jonmitz: they cant seemea nymore
(129:18 / Allies) RonPaul: a bit risky
(129:30 / Allies) jonmitz: :D
(129:35 / Allies) jonmitz: i dunno how they could see so far
(131:04 / All) RonPaul: this bud's for you
(131:12 / Allies) RonPaul: healing
(131:20 / Allies) jonmitz: use doctors
(131:22 / Allies) jonmitz: to heal faster
(132:05 / Allies) jonmitz: i think we can kill them tbh
(132:05 / Allies) RonPaul: 113
(132:28 / All) Green_House: no wonder everyone hates americans
(132:29 / All) Green_House: lol
(132:35 / All) westonb: america
(132:36 / All) jonmitz: exactly
(132:36 / All) westonb: fuck yeah
(132:41 / All) jonmitz: because camp highperch
(132:44 / All) jonmitz: finally someone realized
(132:49 / All) RonPaul: only canadians and faggots laugh at their own jokes; which one are you
(133:00 / All) Green_House: lol noob
(133:34 / All) Green_House: u guys live in our shadow so stfu
(133:40 / Allies) jonmitz: we got one good quote
(133:45 / Allies) jonmitz: i send it to blahsmack for approval
(133:51 / Allies) RonPaul: 101
(133:54 / Allies) jonmitz: "no wonder everyone hates americans"
(134:20 / Allies) jonmitz: how many dots left
(134:34 / Allies) jonmitz: i will if i have backup
(134:38 / Allies) RonPaul: get the priest while you're at it
(135:05 / Allies) RonPaul: hah 0 xp
(135:09 / Allies) jonmitz: i lvled
(135:46 / Allies) jonmitz: fuck
(135:55 / Allies) jonmitz: i hit the button for the pot
(135:56 / Allies) jonmitz: it didnt go though
(136:02 / Allies) jonmitz: i need 300 gold
(136:12 / Allies) jonmitz: yeah i bought a new one
(136:13 / Allies) jonmitz: no
(136:15 / All) Green_House: atleast we got balls
(136:18 / All) Green_House: u fags
(136:20 / Allies) jonmitz: you can transfer gold without upkeep losses
(136:24 / Allies) jonmitz: i have it
(136:40 / All) jonmitz: i have balls too, last i checked
(136:51 / All) jonmitz: extremely large american balls
(136:54 / Allies) jonmitz: i wanted to get the dott
(136:55 / Allies) jonmitz: and i did
(136:55 / Allies) jonmitz: so
(137:00 / All) Green_House: yhea right
(137:03 / All) Green_House: u whish
(137:09 / All) Green_House: canada>us
(137:11 / Allies) jonmitz: just 1
(137:14 / Allies) jonmitz: an easy kill
(137:16 / Allies) jonmitz: 3 or 4 hits
(137:26 / All) Green_House: plz remmeber that
(137:56 / Allies) RonPaul: 80
(138:07 / Allies) RonPaul: honestly i don't they have anything charm worthy by now
(138:11 / Allies) jonmitz: hiow much more do you need
(138:17 / Allies) RonPaul: 80
(138:47 / Allies) jonmitz: i can spin
(138:52 / Allies) RonPaul: spin spin spin
(139:01 / Allies) jonmitz: send wyrms in
(139:02 / Allies) jonmitz: then ill spin
(139:19 / All) jonmitz: gg
(139:38 / Allies) jonmitz: no more anti air
(139:39 / Allies) jonmitz: lets go
(139:41 / Allies) jonmitz: send everything in
(139:48 / Allies) RonPaul: FUCK THE DRYADS
(139:52 / Allies) jonmitz: we have like 50 gargs
(140:11 / Allies) jonmitz: yeah
(140:37 / Allies) jonmitz: tbh
(140:40 / Allies) jonmitz: :|
(140:48 / Allies) RonPaul: none
(140:54 / Allies) RonPaul: those fuckin aps
(141:15 / Allies) jonmitz: he killed one
(141:39 / Allies) jonmitz: im gunna pop invul and kill the dot and the towers once spin is up
(141:47 / Allies) RonPaul: groovy
(141:49 / All) jonmitz: gg
(141:50 / All) jonmitz: thx
(141:51 / All) westonb: bye noooobs
(141:52 / All) RonPaul: oh hey a leave
(141:58 / All) jonmitz: banned
(142:08 / Allies) jonmitz: here i go
(142:38 / Allies) jonmitz: go
(142:39 / Allies) jonmitz: attacj
(143:12 / All) jonmitz: peas out homiez
(143:20 / Allies) RonPaul: finally
(143:23 / Allies) RonPaul: 66666
(143:27 / Allies) jonmitz: LO
(143:28 / All) Green_House: yhea
(143:30 / All) Green_House: gg fags
(143:30 / Allies) jonmitz: hahaha
(143:33 / All) jonmitz: gg fags
(143:35 / All) jonmitz: gg fags
(143:36 / All) jonmitz: gg fags
(143:39 / All) jonmitz: you lost
(143:41 / All) jonmitz: try harder
(143:42 / All) RonPaul: USA USA
(143:43 / All) Green_House: yhea thats what i said to u
(143:44 / All) RonPaul: USA USA